 Dungeon Crawl Stone Soup version 0.30-b1-2-g02819fbbbe (webtiles) character file.

Game seed: 1007896155896714910

1 Alarkh the Vexing (level 1, -1/15 HPs)
             Began as a Demonspawn Hexslinger on July 8, 2023.
             Slain by a hobgoblin (5 damage)
             ... on level 1 of the Dungeon.
             The game lasted 00:00:31 (26 turns).

Alarkh the Vexing (Demonspawn Hexslinger)             Turns: 26, Time: 00:00:31

Health: -1/15      AC:  2    Str: 10    XL:     1   Next: 16%
Magic:  2/2        EV: 12    Int: 14    God:
Gold:   0          SH:  0    Dex: 13    Spells: 1/2 levels left

rFire   . . .        a - +1 sling
rCold   . . .        (no shield)
rNeg    . . .        c - +0 robe
rPois   .            (no helmet)
rElec   .            (no cloak)
rCorr   .            (no gloves)
SInv    .            (no boots)
Will    .....        (no amulet)
Stlth   +            (no ring)
HPRegen 0.22/turn    (no ring)
MPRegen 0.08/turn

%: no passive effects
@: no status effects
A: no striking features
a: no special abilities


You were on level 1 of the Dungeon.
You visited 1 branch of the dungeon, and saw 1 of its levels.

Inventory:

Hand Weapons
 a - a +1 sling (weapon)
Armour
 c - a +0 robe (worn)
Scrolls
 b - a scroll of poison


   Skills:
 - Level 1.0 Fighting
 + Level 1.9 Ranged Weapons
 - Level 1.7 Dodging
 - Level 1.0 Spellcasting
 - Level 3.0 Hexes


You had one spell level left.
You knew the following spells:

 Your Spells              Type           Power      Damage    Failure   Level
a - Slow                  Hex            36%        N/A       8%          1

Your spell library contained the following spells:

 Spells                   Type           Power      Damage    Failure   Level
 Inner Flame              Hex/Fire       4%         N/A       38%         3
 Portal Projectile        Hex/Tloc       8%         N/A       38%         3
 Cause Fear               Hex            4%         N/A       58%         4


Dungeon Overview and Level Annotations

Branches:
Dungeon (1/15)

Altars:


Message History

You shoot a sling bullet.
The sling bullet hits the giant cockroach.
The giant cockroach is almost dead.
The bat hits you but does no damage.
The giant cockroach bites you but does no damage.
The hobgoblin hits you but does no damage.
You shoot a sling bullet.
The sling bullet closely misses the giant cockroach.
The bat hits you but does no damage.
The giant cockroach bites you but does no damage.
The hobgoblin barely misses you. The giant cockroach closely misses you.
The hobgoblin hits you but does no damage.
You shoot a sling bullet.
The sling bullet hits the giant cockroach.
You kill the giant cockroach!
The bat hits you but does no damage. The hobgoblin closely misses you.
You shoot a sling bullet.
The sling bullet closely misses the hobgoblin.
The bat hits you. The hobgoblin hits you.
You shoot a sling bullet.
The sling bullet completely misses the hobgoblin.
The bat hits you. The bat hits you but does no damage. The hobgoblin hits you.
The hobgoblin barely misses you.
You are too injured to fight recklessly!
You are too injured to fight recklessly!
You are too injured to fight recklessly!
You are too injured to fight recklessly!
You are too injured to fight recklessly!
You are too injured to fight recklessly!
You are too injured to fight recklessly!
You are too injured to fight recklessly!
The bat barely misses you.
You shoot a sling bullet.
The sling bullet closely misses the hobgoblin.
The bat barely misses you. The hobgoblin hits you. The bat hits you.
* * * LOW HITPOINT WARNING * * *
You shoot a sling bullet.
The sling bullet hits the hobgoblin but does no damage.
The bat hits you but does no damage. The hobgoblin hits you.
You die...

...........
..........#
..........#
..........#
..........#
..........#
..........#
#g#### #@.b.#
♣♣♣...♣♣♣
♣♣.......♣
♣♣.........♣
♣....♣.♣....♣
♣.....⌠.....♣
#♣...♣.♣....♣
♣.....(....♣♣
♣<.#♣.....♣♣


You could see a hobgoblin and a bat.

Vanquished Creatures
  A giant cockroach (D:1)
1 creature vanquished.

Notes
Turn   | Place    | Note
-------+----------+-------------------------------------------
     0 | D:1      | Alarkh the Demonspawn Hexslinger began the quest for the
                  | Orb.
     0 | D:1      | Reached XP level 1. HP: 15/15 MP: 2/2
    26 | D:1      | Slain by a hobgoblin

Illustrated notes

Levels and vault maps discovered:
D:1:      amcnicky_arrival_underground_garden, layout_basic, serial_shops, shop,
          minmay_vboxes

Action                     || total
---------------------------++-------
   Fire: Sling             ||    15
 Armour: Robe              ||    13
  Dodge: Dodged            ||    23
